 Dungeon Sprint DCSS version 0.30-a0-728-gc68057be0a (webtiles) character file.

Game seed: 14160222326383892664

1166 Oxelix the Cleaver (level 8, -1/124 HPs)
             Began as a Minotaur Fighter on Jan 31, 2023.
             Was an Initiate of Ashenzari.
             Slain by a demonic crawler (6 damage)
             ... in the Dungeon (Sprint VII: "The Pits").
             The game lasted 00:02:43 (388 turns).

Oxelix the Cleaver (Minotaur Fighter)                Turns: 388, Time: 00:02:44

Health: -1/124     AC: 14    Str: 23    XL:     8   Next: 17%
Magic:  7/7        EV:  8    Int:  5    God:    Ashenzari [......]
Gold:   0          SH:  6    Dex: 10    Spells: 7/7 levels left

rFire   . . .      SeeInvis .    b - +2 hand axe (freeze)
rCold   . . .      Faith    .    c - +0 buckler
rNeg    . . .      Spirit   .    p - +3 chain mail {Will+}
rPois   .          Reflect  .    (helmet restricted)
rElec   .          Harm     .    (no cloak)
rCorr   .          Rampage  .    (no gloves)
Will    +....      NoTele   +    (no boots) Stlth
                                 (no amulet)
HPRegen 0.40/turn                (no ring)
MPRegen 0.10/turn                (no ring)

@: berserking, slowed
A: horns 2, retaliatory headbutt
a: Renounce Religion, Curse Item


You were in the Dungeon.
You worshipped Ashenzari.
Ashenzari was noncommittal.
You visited 1 branch

Inventory:

Hand Weapons
 a - a +0 war axe
 b - a +2 hand axe of freezing (weapon)
Armour
 c - a +0 buckler (worn)
 o - a +2 plate armour
 p - a +3 chain mail of willpower (worn)
Scrolls
 j - a scroll of blinking
 m - 5 scrolls of amnesia
 n - a scroll of summoning
Potions
 d - a potion of might
 e - 6 potions of curing
 f - 6 potions of heal wounds
 g - a potion of haste
 h - 4 potions of magic
 i - a potion of berserk rage
 l - 2 potions of invisibility


   Skills:
 + Level 12.2 Fighting
 - Level 14.0 Axes
 + Level 9.2 Armour
 + Level 8.9 Shields


You had 7 spell levels left.
You didn't know any spells.
Your spell library was empty.

Dungeon Overview and Level Annotations

Branches:
Dungeon (1/1)

Altars:
Ashenzari
Cheibriados
Dithmenos
Elyvilon
Fedhas
Gozag
Hepliaklqana
Kikubaaqudgha
Makhleb
Nemelex Xobeh
Okawaru
Qazlal
Ru
Sif Muna
Trog
Uskayaw
Vehumet
Wu Jian
Xom
Yredelemnul
Zin
The Shining One
Jiyva
Lugonu


Innate Abilities, Weirdness & Mutations

You have a pair of horns on your head.
You reflexively headbutt those who attack you in melee.


Message History

The freezing wraith freezes you!
The freezing wraith hits you but does no damage.
You closely miss the freezing wraith.
Your headbutt misses the freezing wraith.
The freezing wraith is moderately damaged.
You closely miss the freezing wraith.
The freezing wraith is moderately damaged.
You hit the freezing wraith but do no damage.
You headbutt the freezing wraith.
The freezing wraith is moderately damaged.
You block the freezing wraith's attack. The freezing wraith hits you.
You slash the freezing wraith!
The freezing wraith is severely damaged.
You hit the freezing wraith but do no damage.
You headbutt the freezing wraith!
The freezing wraith is almost destroyed.
The freezing wraith hits you. The freezing wraith freezes you!!
* * * LOW HITPOINT WARNING * * *
The freezing wraith hits you!
* * * LOW HITPOINT WARNING * * *
The freezing wraith drains your vigour!
You feel yourself slow down.
You hit the freezing wraith but do no damage.
You headbutt the freezing wraith!
You destroy the freezing wraith!
Your Fighting skill increases to level 12!
Your Armour skill increases to level 9!
You have reached level 8!
You feel agile.
You completely miss the demonic crawler.
You hit the demonic crawler. You freeze the demonic crawler.
You headbutt the demonic crawler!
The demonic crawler is moderately wounded.
The demonic crawler hits you but does no damage.
You block the demonic crawler's attack. The demonic crawler hits you.
* * * LOW HITPOINT WARNING * * *
You barely miss the demonic crawler.
Your headbutt misses the demonic crawler.
The demonic crawler is moderately wounded.
The demonic crawler hits you.
You die...

#)#####'#####...<...#
#.#...)))[.##.......#
#)#...)))..##.......#
#)###########.......#
#))).)..# #########
#.)#)#..# ###
#.##.##.# ...#
#.......#+#....#
#.##.##.#@s....+
#..#.#..#'#....#
#.......'.# ...#
########### ###


You could see a demonic crawler.

Vanquished Creatures
  A freezing wraith (D)
  Sigmund (D)
  A wyvern (D)
  A floating eye (D)
  An ice beast (D)
  A bullfrog (D)
  Blork the orc (D)
  A scorpion (D)
  3 wights (D)
  2 orc priests (D)
  A gnoll (D)
  An ufetubus (D)
  7 orcs (D)
  A bat (D)
  A giant cockroach (D)
  2 goblins (D)
  A quokka (D)
  A ball python (D)
  A kobold (D)
29 creatures vanquished.

Notes
Turn   | Place    | Note
-------+----------+-------------------------------------------
     0 | D        | Oxelix the Minotaur Fighter began the quest for the Orb.
     0 | D        | Reached XP level 1. HP: 19/19 MP: 0/0
    28 | D        | Reached skill level 4 in Axes
    63 | D        | Found a bloodstained altar of Trog.
    63 | D        | Found a shimmering blue altar of Sif Muna.
    63 | D        | Found a viscous altar of Jiyva.
    63 | D        | Found a hazy altar of Hepliaklqana.
    63 | D        | Found an opulent altar of Gozag.
    64 | D        | Found a glowing golden altar of the Shining One.
    64 | D        | Found a glowing silver altar of Zin.
    64 | D        | Found a basalt altar of Yredelemnul.
    64 | D        | Found a shimmering altar of Xom.
    64 | D        | Found an ornate altar of the Wu Jian Council.
    64 | D        | Found a sacrificial altar of Ru.
    64 | D        | Found a stormy altar of Qazlal.
    64 | D        | Found an iron altar of Okawaru.
    64 | D        | Found a sparkling altar of Nemelex Xobeh.
    64 | D        | Found a burning altar of Makhleb.
    64 | D        | Found a blossoming altar of Fedhas.
    64 | D        | Found a white marble altar of Elyvilon.
    64 | D        | Found a shadowy altar of Dithmenos.
    64 | D        | Found a snail-covered altar of Cheibriados.
    65 | D        | Found a radiant altar of Vehumet.
    65 | D        | Found a corrupted altar of Lugonu.
    66 | D        | Found a hide-covered altar of Uskayaw.
    66 | D        | Found an ancient bone altar of Kikubaaqudgha.
    66 | D        | Found a broken altar of Ashenzari.
    76 | D        | Became a worshipper of Ashenzari the Shackled
   125 | D        | Reached XP level 2. HP: 28/28 MP: 1/1
   127 | D        | Noticed an ice beast
   136 | D        | Reached skill level 5 in Fighting
   136 | D        | Reached skill level 5 in Axes
   136 | D        | Killed an ice beast
   137 | D        | Reached skill level 9 in Axes
   137 | D        | Reached XP level 3. HP: 25/39 MP: 2/2
   137 | D        | Reached XP level 4. HP: 30/47 MP: 3/3
   278 | D        | Noticed a scorpion
   281 | D        | Noticed Sigmund
   292 | D        | Killed a scorpion
   293 | D        | Reached skill level 10 in Axes
   293 | D        | Reached XP level 5. HP: 55/55 MP: 4/4
   296 | D        | Reached skill level 11 in Axes
   298 | D        | Reached skill level 12 in Axes
   298 | D        | Reached XP level 6. HP: 64/64 MP: 5/5
   304 | D        | Killed Sigmund
   305 | D        | Reached skill level 10 in Fighting
   305 | D        | Reached skill level 13 in Axes
   305 | D        | Reached skill level 5 in Armour
   305 | D        | Reached skill level 5 in Shields
   306 | D        | Reached XP level 7. HP: 61/73 MP: 6/6
   312 | D        | Noticed Blork the orc
   318 | D        | Killed Blork the orc
   319 | D        | Reached skill level 14 in Axes
   362 | D        | Noticed a wyvern
   365 | D        | Killed a wyvern
   368 | D        | Noticed a freezing wraith
   368 | D        | Noticed a demonic crawler
   385 | D        | Killed a freezing wraith
   386 | D        | Reached XP level 8. HP: 8/83 MP: 7/7
   387 | D        | HP: 4/124 [demonic crawler (4)]
   388 | D        | Slain by a demonic crawler

Illustrated notes

Levels and vault maps discovered:
D:        pitsprint [storerooms_1, entrance_room_1, metal_vault_1, armoury_1,
          mini_pit_1, grid_room_1, main_hall_1, silver_pit, the_coven_3,
          the_vestibule_1, steel_vault_5, golden_pit, hallway_of_sentries,
          crystal_vault_2, iron_vault_3, final_vault]

Skill      XL: |  1  2  3  4  5  6  7 |
---------------+----------------------+-----
Fighting       | 4 7 8 9 10 12 | 12.2
Axes           | 4 9 10 12 13 14 | 14.0
Armour         | 5 9 |  9.2
Shields        | 5 8 |  8.9

Action                     |  1- 3 |  4- 6 |  7- 9 || total
---------------------------+-------+-------+-------++-------
  Melee: Hand axe          |    11 |    17 |    30 ||    58
         Headbutt          |     3 |     1 |    12 ||    16
         War axe           |     1 |       |       ||     1
    Use: Potion            |       |     1 |     1 ||     2
 Armour: Scale mail        |    10 |       |       ||    10
         Chain mail        |       |     5 |     3 ||     8
  Dodge: Dodged            |     9 |     5 |     8 ||    22
  Block: Buckler           |     2 |     3 |     7 ||    12

Table legend: (Time is in decaauts)
 A = Elapsed time spent in this place.
 B = Non-inter-level travel time spent in this place.
 C = Inter-level travel time spent in this place.
 D = Time resting spent in this place.
 E = Time spent auto-exploring this place.
 F = Levels seen in this place.
 G = Mean time per level.
                   A        B        C        D        E       F      G
               +--------+--------+--------+--------+--------+-----+--------+
         Total |    382 |    382 |      0 |    125 |      0 |   1 |  382.0 |
       Dungeon |    382 |    382 |      0 |    125 |      0 |   1 |  382.0 |
               +--------+--------+--------+--------+--------+-----+--------+

Top non-repeatable levels by time:
       D: 382 daAuts
